← All builds
Pond / Cortex / Economy first / OBSERVED BUILD

Standard pond

Cortex Pond build order · Supreme Isthmus

Standard Pond play: eco first with Bot Lab and later Advanced Metal Extractor, boosting the fronts with Tidal Generators and sending Grunts forward; no special catch.

#eco #team support · 91 distinct matches · 38 players · 12% of Cortex Pond games · team won 46% of 91 · Recently observed

HOW TO PLAY IT

Key timing: Bot Lab by 5:03

  1. Build tidal generators first to start boosting the fronts.
  2. Grab mex and energy storage before committing further.
  3. Put down the bot lab and start sending Grunts forward.
  4. Fill out wind and add a Guard for early defense.
  5. Transition to T2 with an advanced mex once front stabilizes.

Phase by phase

TYPICAL OF ITS 91 GAMES · AGAINST STANDARD POND
  1. 1
  2. 2
  3. 3
PLAY THE OPENING

Follow the example game's first 6:00 step by step: what to build now, what comes next, and where it goes. At 1× it keeps pace with your own game.

  1. 1

    Up to the Bot Lab

    Economy
    • Metal Extractor4Mex
    • Tidal Generator8Tidalfor allies
    • Tidal Generator2Tidal−2 vs standard
    • Wind Turbine2Wind
    • Energy Storage1Energy storage
    Order
    1. Bot LabBot Lab after 4 mex, 3 wind, 2 tidaldone ~3:33, middle half 3:23–4:45

    By 3:14 in all: 4 mex · 2 tidal (standard 4) · 2 wind · 1 energy storage

    The example game in this phase · 6 steps
    1. Tidal ×8for Suicide front
    2. Tidal ×2
    3. Wind
    4. Energy storage
    5. Mex ×4
    6. Bot LabBot Labdone 3:15 · typical 3:33
  2. 2

    Bot Lab to 5:00

    Economy
    • Wind Turbine1Wind−4 vs standard

    Some games also: con bot (49%) · con turret (45%) · converter (36%)

    By 5:00 in all: 4 mex · 7 wind · 2 tidal (standard 4) · 1 energy storage · 1 con turret

    The example game in this phase · 6 steps
    1. GraverobberGraverobber
    2. Construction BotCon bot
    3. Wind ×3
    4. Con turret
    5. Bot LabEat Bot Labreclaimed for its metal
    6. Wind ×7
  3. 3

    5:00 to 10:00

    Economy
    • Wind Turbine15Wind+15 vs standard
    • Energy Converter3Converter+3 vs standard
    Builders
    • Construction Turret1 Con turret

    Some games also: grunt (47%) · con bot (32%) · eat Bot Lab (43%)

    By 10:00 in all: 4 mex · 24 wind (standard 8) · 2 tidal (standard 4) · 6 converter (standard 1) · 1 energy storage · 2 con turret (standard 0)

    The example game in this phase · 91 steps
    1. Wind ×5
    2. Converter
    3. Wind
    4. Converter
    5. Wind
    6. Converter
    7. Wind ×2
    8. Converter
    9. Wind
    10. Converter
    11. Wind
    12. Converter
    13. Wind ×15
    14. Bot LabBot Labdone 8:31
    15. Wind
    16. Construction BotCon bot ×3
    17. Con turret
    18. Advanced Metal ExtractorT2 mexdone 10:57 · typical 9:06
    19. Con turret
    20. Advanced Metal ExtractorT2 mex
    21. Con turret
    22. GruntGrunt ×4
    23. Converter
    24. GruntGrunt
    25. Advanced Metal ExtractorT2 mex
    26. Converter
    27. GruntGrunt ×2
    28. Converter
    29. GruntGrunt ×2
    30. Converter
    31. GruntGrunt
    32. Converter
    33. GruntGrunt
    34. Converter
    35. GruntGrunt
    36. Converter
    37. GruntGrunt
    38. Converter
    39. GruntGrunt
    40. Converter
    41. GruntGrunt ×2
    42. Converter
    43. GruntGrunt
    44. Converter
    45. GruntGrunt
    46. Converter
    47. GruntGrunt ×3
    48. JunoJuno
    49. GruntGrunt
    50. Wind
    51. GruntGrunt
    52. Wind
    53. GruntGrunt ×2
    54. Wind
    55. GruntGrunt
    56. Wind
    57. GruntGrunt
    58. Advanced Metal ExtractorT2 mex
    59. GruntGrunt
    60. Wind ×2
    61. GruntGrunt
    62. Wind
    63. GruntGrunt
    64. Wind
    65. GruntGrunt
    66. Wind
    67. GruntGrunt
    68. Wind
    69. GruntGrunt ×3
    70. Wind
    71. GruntGrunt
    72. Wind
    73. GruntGrunt
    74. Wind
    75. GruntGrunt
    76. Wind
    77. GruntGrunt
    78. Wind
    79. GruntGrunt ×2
    80. Wind
    81. GruntGrunt ×2
    82. Wind
    83. GruntGrunt ×4
    84. Wind
    85. GruntGrunt ×2
    86. Wind
    87. GruntGrunt ×3
    88. Wind
    89. GruntGrunt
    90. Wind
    91. GruntGrunt ×6

Counts are medians over the build's games: half of them build more, half fewer. The example game is Milkdragon's (32 OS, 29/09/2026); pick another.

Team trades

IN AT LEAST 30% OF ITS GAMES

You hand over

  • Tidal Generator8 Tidal to Suicide front or Frontfirst at 0:14 · in 96% of games

You get

  • Advanced Construction Bot1 T2 con bot from Techfirst at 7:19 · in 79% of games

How it plays out

Typical game of this build, running totals by minute

Metal produced

010k20k
0:005:0010:0015:00

metal

Enemy metal destroyed

01k2k3k
0:005:0010:0015:00

metal

Own metal lost

01k2k3k
0:005:0010:0015:00

metal

91 games.

Show as table
ByMetal produced: This buildEnemy metal destroyed: This buildOwn metal lost: This build
1:0011500
2:0025900
3:0073700
4:00140900
5:00213000
6:00294900
7:00382900
8:0048745486
9:006257220189
10:007661350640
11:009859766836
12:001209211961075
13:001453415781661
14:001688118141995
15:001936126322964
WHAT THE NUMBERS SAY

This Cortex pond baseline wins under half its games, with enemy metal destroyed just ahead of own losses by 15:00.

  • + Enemy metal destroyed (3099) edges past own metal lost (3482) less than in Armada pond.
  • − Bot Lab finishes later (5:03) than the Armada pond norm (3:41), slower front support.
THE EXAMPLE YOU ARE READING

Milkdragon

31.7 OS · 29/09/2026

Open source match ↗

5 received units · includes a constructor
305 metal received · 18043 energy received

Allied construction assistance is unknown. Timings are observations, not a promise of solo reproducibility.

Typical milestones

Bot Lab3:33Middle 50%: 3:23–4:45 · n=67
Advanced Metal Extractor9:06Middle 50%: 7:42–10:16 · n=74

Played most by

Yamato18games of this buildzeus_on_god7games of this buildEpicTyrannus6games of this buildEXZoPrimer36games of this buildBoozha5games of this build